 Dungeon Crawl Stone Soup version 0.26-a0-812-g31a745ddcd (webtiles) character file.

Game seed: 15786296062132924556

15 kae the Conjurer (level 2, 0/18 HPs)
             Began as an Octopode Conjurer on Nov 24, 2020.
             Slain by a worm (11 damage)
             ... on level 2 of the Dungeon.
             The game lasted 00:00:17 (936 turns).

kae the Conjurer (Octopode Conjurer)                 Turns: 936, Time: 00:00:18

Health: 0/18       AC:  1    Str:  6    XL:     2   Next: 50%
Magic:  0/5        EV: 13    Int: 20    God:
Gold:   68         SH:  0    Dex: 10    Spells: 4/5 levels left

rFire    . . .     SeeInvis .   (no weapon)
rCold    . . .     Faith    .   (no shield)
rNeg     . . .     Spirit   .   (helmet restricted)
rPois    .         Reflect  .   (no amulet)
rElec    .         Harm     .   (no ring)
rCorr    .         Rampage  .   (no ring)
MR       .....                  (no ring)
Stlth    +++.......             (no ring)
HPRegen  0.06/turn              (no ring)
MPRegen  0.09/turn              (no ring)
                                (no ring)
                                (no ring)

@: no status effects
A: almost no armour, stealthy swim, amphibious, 8 rings, constrict 8, camouflage
1, gelatinous body 1
a: no special abilities


You were on level 2 of the Dungeon.
You visited 1 branch of the dungeon, and saw 2 of its levels.

You collected 68 gold pieces.

Inventory:

Scrolls
 a - a scroll of amnesia {unknown}
 b - 2 scrolls of remove curse {unknown}
 e - 2 scrolls of identify {unknown}
Potions
 c - 2 potions of might {unknown}
 d - a potion of invisibility {unknown}


   Skills:
 * Level 0.9 Fighting
 + Level 2.1 Dodging
 + Level 2.9 Stealth
 * Level 2.2 Spellcasting
 * Level 4.1 Conjurations


You had 4 spell levels left.
You knew the following spells:

 Your Spells              Type           Power        Failure   Level
a - Magic Dart            Conj           ###.         2%          1

Your spell library contained the following spells:

 Spells                   Type           Power        Failure   Level
 Searing Ray              Conj           ###...       4%          2
 Dazzling Flash           Conj/Hex       ##....       21%         3
 Fulminant Prism          Conj/Hex       ##........   54%         4
 Iskenderun's Mystic Bla  Conj/Tloc      ##......     54%         4


Dungeon Overview and Level Annotations

Branches:
Dungeon (2/15)

Altars:


Innate Abilities, Weirdness & Mutations

You cannot wear most types of armour.
You are very stealthy in the water. (Stealth+)
You are amphibious.
You can wear up to eight rings at the same time.
You can use your tentacles to constrict eight enemies at once.
Your skin changes colour to match your surroundings (Stealth+).
Your rubbery body absorbs attacks. (AC +1, EV +1)


Message History

You constrict the worm.
You tentacle-slap the worm but do no damage.
The worm is heavily wounded.
You constrict the worm. The worm closely misses you.
You tentacle-slap the worm but do no damage.
The worm is heavily wounded.
You constrict the worm.
Casting: Magic Dart (safe; 2% risk of failure)
Confirm with . or Enter, or press ? or * to list all spells.
Aiming: Magic Dart (safe; 2% risk of failure)
Press: ? - help, Shift-Dir - straight line, f/p - worm
Aim: a worm (heavily wounded, constricted by you)
The magic dart hits the worm.
The worm is severely wounded.
You constrict the worm. The worm completely misses you.
You tentacle-slap the worm but do no damage.
The worm is severely wounded.
You constrict the worm. The worm bites you!
Ouch! That really hurt!
You die...

### ... #K##
#...##
###w...[##
###.@†.8...K
#...........
#.<...###...
#...### .
#####


You could see a worm and 2 kobolds.

Vanquished Creatures
  2 bats (D:1)
  A giant cockroach (D:1)
  4 goblins
  A hobgoblin (D:1)
  A kobold (D:1)
  A quokka (D:2)
  A frilled lizard (D:1)
  A rat (D:1)
12 creatures vanquished.

Notes
Turn   | Place    | Note
-------+----------+-------------------------------------------
     0 | D:1      | kae the Octopode Conjurer began the quest for the Orb.
     0 | D:1      | Reached XP level 1. HP: 11/11 MP: 3/3
   338 | D:1      | Reached XP level 2. HP: 18/18 MP: 1/5
   936 | D:2      | Slain by a worm

Illustrated notes

Levels and vault maps discovered:
D:1:      nzn_arrival_water_spiral, layout_basic
D:2:      layout_basic, grunt_ministairs_12

Action                   || total
-------------------------++-------
Melee: Unarmed           ||     7
       Constrict         ||     1
       Tentacles         ||     1
 Cast: Magic Dart        ||    21
Dodge: Dodged            ||     3

Table legend: (Time is in decaauts)
 A = Elapsed time spent in this place.
 B = Non-inter-level travel time spent in this place.
 C = Inter-level travel time spent in this place.
 D = Time resting spent in this place.
 E = Time spent auto-exploring this place.
 F = Levels seen in this place.
 G = Mean time per level.
                   A        B        C        D        E       F      G
               +--------+--------+--------+--------+--------+-----+--------+
         Total |    935 |    913 |     22 |      0 |    868 |   2 |  467.5 |
       Dungeon |    935 |    913 |     22 |      0 |    868 |   2 |  467.5 |
               +--------+--------+--------+--------+--------+-----+--------+

Top non-repeatable levels by time:
     D:1: 921 daAuts
     D:2: 14 daAuts
